 Dungeon Crawl Stone Soup version 0.31.0-12-g77e489cdc1 (webtiles) character file.

Game seed: 11786187086371989510

84 KennySheep the Chopper (level 4, 0/39 HPs)
             Began as a Hill Orc Monk on Mar 2, 2024.
             Slain by a gnoll
             ... wielding a +0 club
              (6 damage)
             ... on level 3 of the Dungeon.
             The game lasted 00:03:29 (1742 turns).

KennySheep the Chopper (Hill Orc Monk)              Turns: 1742, Time: 00:03:30

Health: 0/39       AC:  3    Str: 15    XL:     4   Next: 45%
Magic:  4/4        EV: 11    Int: 10    God:
Gold:   36         SH:  4    Dex: 13    Spells: 3/3 levels left

rFire   . . .        a - +0 hand axe
rCold   + . .        f - +0 buckler
rNeg    . . .        o - +0 leather armour {rC+}
rPois   +            (no helmet)
rElec   .            (no cloak)
rCorr   .            (no gloves)
SInv    .            (no boots)
Will    .....        (no amulet)
Stlth   +            n - ring of poison resistance
HPRegen 0.26/turn    (no ring)
MPRegen 0.09/turn

%: no passive effects
@: no status effects
A: no striking features
a: no special abilities


You were on level 3 of the Dungeon.
You visited 1 branch of the dungeon, and saw 3 of its levels.

You collected 150 gold pieces.
You spent 114 gold pieces at shops.

Inventory:

Hand Weapons
 a - a +0 hand axe (weapon)
Armour
 b - a +0 robe
 d - an orb of light
 f - a +0 buckler (worn)
 o - a +0 leather armour of cold resistance (worn)
Jewellery
 n - a ring of poison resistance (left hand)
 s - a ring of flight
Scrolls
 e - a scroll of revelation
 g - a scroll of teleportation
 h - a scroll of fear
 i - a scroll of noise
 m - a scroll of fog
 q - a scroll of vulnerability {unknown}
 t - a scroll of silence {unknown}
 u - a scroll of identify
Potions
 c - a potion of ambrosia
 j - 2 potions of enlightenment {unknown}
 k - 2 potions of curing {unknown}
 l - a potion of might {unknown}
 p - 2 potions of lignification {unknown}
 r - a potion of cancellation {unknown}


   Skills:
 - Level 3.6 Fighting
 + Level 6.8 Axes
 - Level 2.4 Dodging


You had 3 spell levels left.
You didn't know any spells.
Your spell library contained the following spells:

 Spells                   Type           Power      Damage    Failure   Level
 Dazzling Flash           Conj/Hex       0%         N/A       89%         3
 Volatile Blastmotes      Fire/Tloc      0%         2d10      89%         3
 Starburst                Conj/Fire      0%         6d3       100%        6
 Maxwell's Capacitive Co  Air            0%         ∞         100%        8


Dungeon Overview and Level Annotations

Branches:
Dungeon (3/15)

Altars:

Shops:
D:1 *   D:3 *


Message History

You hit the gnoll. You barely miss the gnoll.
You hear a shout!
You block the gnoll's attack. The gnoll hits you with a +0 whip.
You block the gnoll's attack.
You hit the gnoll.
The gnoll is severely wounded.
You hit the gnoll. You hit the gnoll but do no damage.
The gnoll closely misses you. The gnoll hits you with a +0 whip.
The gnoll barely misses you.
You hit the gnoll.
You kill the gnoll!
You hit the gnoll. You barely miss the gnoll. The gnoll closely misses you.
The gnoll misses you.
You barely miss the gnoll.
The gnoll is severely wounded.
You hit the gnoll but do no damage. The gnoll hits you with a +0 club!
The gnoll closely misses you.
You hit the gnoll.
You kill the gnoll!
You barely miss the gnoll. You block the gnoll's attack.
The gnoll closely misses you.
You hit the gnoll.
The gnoll is moderately wounded.
The gnoll hits you from afar with a +0 spear!
The gnoll hits you but does no damage.
You closely miss the gnoll.
The gnoll is moderately wounded.
The gnoll closely misses you. You block the gnoll's attack.
The gnoll hits you with a +0 spear. The gnoll hits you but does no damage.
You closely miss the gnoll. x2; The gnoll hits you but does no damage.
The gnoll hits you with a +0 club.
You hit the gnoll but do no damage. You closely miss the gnoll.
The gnoll hits you with a +0 spear!
* * * LOW HITPOINT WARNING * * *
The gnoll barely misses you.
You hit the gnoll but do no damage. You closely miss the gnoll.
The gnoll hits you with a +0 spear.
* * * LOW HITPOINT WARNING * * *
The gnoll hits you with a +0 club.
You die...

#........# #........#
#........# #
###........#..
.............
#...........
#..).....#
#######...@g...#
##...#.....g....#
######.........#######
................#
................#
................#
...†............#
.....##...#...#...
.....#############


You could see 2 gnolls.

Vanquished Creatures
  2 gnolls (D:3)
  An adder (D:2)
  A dart slug (D:1)
  4 bats
  2 endoplasms
  4 giant cockroaches
  4 goblins (D:1)
  6 hobgoblins
  2 quokkas
  5 ball pythons
  5 frilled lizards
  3 kobolds
  13 rats
52 creatures vanquished.

Notes
Turn   | Place    | Note
-------+----------+-------------------------------------------
     0 | D:1      | KennySheep the Hill Orc Monk began the quest for the Orb.
     0 | D:1      | Reached XP level 1. HP: 19/19 MP: 1/1
   124 | D:1      | Reached XP level 2. HP: 26/26 MP: 2/2
   204 | D:1      | Reached skill level 5 in Axes
   487 | D:1      | Reached XP level 3. HP: 30/31 MP: 3/3
   655 | D:1      | Found Wurcha's Assorted Antiques.
   660 | D:1      | Bought a scroll labelled SOSAPNOBUE for 23 gold pieces
   660 | D:1      | Bought a scroll labelled SOSAPNOBUE for 23 gold pieces
   660 | D:1      | Bought a purple potion for 20 gold pieces
   845 | D:2      | Reached skill level 6 in Axes
  1621 | D:3      | Reached XP level 4. HP: 39/39 MP: 4/4
  1679 | D:3      | Found Nenearou's Assorted Antiques.
  1706 | D:3      | Bought a scroll labelled ROG UDAQOODGH for 24 gold pieces
  1706 | D:3      | Bought a scroll labelled XISU LA ASSODU for 24 gold pieces
  1742 | D:3      | Slain by a gnoll

Illustrated notes

Levels and vault maps discovered:
D:1:      evilmike_arrival_hilbert_curve, layout_rooms, serial_shops,
          nicolae_shop_waterfront, minmay_rat_gold_closets
D:2:      layout_loops_ring
D:3:      layout_rooms, serial_shops, shop

Skill      XL: |  1  2  3 |
---------------+----------+-----
Axes           | 5 6 |  6.8
Fighting       | |  3.6
Dodging        | |  2.4

Action                     |  1- 3 |  4- 6 || total
---------------------------+-------+-------++-------
  Melee: Hand axe          |   131 |    31 ||   162
    Use: Scroll            |     5 |       ||     5
   Stab: Sleeping          |     2 |       ||     2
 Armour: Robe              |    48 |       ||    48
         Leather armour    |    10 |    23 ||    33
  Dodge: Dodged            |    80 |    25 ||   105
  Block: Buckler           |    16 |    10 ||    26
